[ PARTIDA AOE2 · #506508484 ]
UnrankedPersas vs Mongols
Equipo del jugador · VICT
Equipo rival · DERR
[ ANÁLISIS DE REPETICIÓN · EXTRAÍDO DE LA PARTIDA GRABADA ]
Feudal
31:26
Castillos
35:06
Imperial
—
| APM promedio | 45.5 |
| APM pico | 106 |
| eAPM promedio | 18.7 |
| Aldeanos / militares | 105 / 16 |
Foco
⚔️ 18.9% · 🌾 81.1%
Knight ×16
Feudal
8:10
Castillos
—
Imperial
—
| APM promedio | 47.2 |
| APM pico | 101 |
| eAPM promedio | 25.0 |
| Aldeanos / militares | 56 / 19 |
Foco
⚔️ 25.8% · 🌾 74.2%
Archer ×19
Mapa de la partida
Recursos iniciales + cada clic de construcción. Líneas = muros · curvas = relieve. ◆ oro · ⬟ piedra · ● bayas · ✦ reliquia · ◌ hueco del cierre
Tu base· Abierta — flanco sin cerrar
Base de Martin Miguel de Güemes· Abierta — flanco sin cerrar
Terreno inicial suavizado · ◌ = hueco del cierre detectado · pasá el cursor para detalles
Inputs por minuto
— kim.henrik.himanen123 - - Martin Miguel de Güemes
Build order — kim.henrik.himanen123
Primeras 150 de 161 acciones detectadas
| 0:00 | Encolar | Villager (Male) ×5 |
| 0:00 | Encolar | Villager (Male) ×5 |
| 0:01 | Construir | House |
| 0:03 | Construir | House |
| 1:25 | Construir | Lumber Camp |
| 2:06 | Encolar | Villager (Male) ×2 |
| 2:07 | Encolar | Villager (Male) ×2 |
| 2:44 | Encolar | Villager (Male) |
| 2:44 | Encolar | Villager (Male) |
| 3:00 | Construir | House |
| 3:35 | Encolar | Villager (Male) ×2 |
| 4:15 | Encolar | Villager (Male) ×2 |
| 4:15 | Encolar | Villager (Male) ×2 |
| 5:10 | Encolar | Villager (Male) ×4 |
| 5:26 | Investigar | Loom |
| 5:27 | Encolar | Villager (Male) ×3 |
| 5:27 | Encolar | Villager (Male) ×3 |
| 6:22 | Encolar | Villager (Male) |
| 6:33 | Construir | Town Center |
| 6:50 | Construir | Mill |
| 7:22 | Encolar | Villager (Male) ×4 |
| 7:22 | Encolar | Villager (Male) ×4 |
| 8:27 | Encolar | Villager (Male) |
| 8:48 | Construir | House |
| 9:09 | Construir | House |
| 9:12 | Construir | House |
| 9:28 | Encolar | Villager (Male) ×2 |
| 9:53 | Encolar | Villager (Male) |
| 9:53 | Encolar | Villager (Male) |
| 11:03 | Construir | Town Center |
| 12:20 | Encolar | Villager (Male) ×3 |
| 13:09 | Construir | Mining Camp |
| 13:26 | Encolar | Villager (Male) |
| 13:27 | Encolar | Villager (Male) |
| 13:33 | Encolar | Villager (Male) |
| 13:33 | Encolar | Villager (Male) |
| 14:17 | Construir | House |
| 14:27 | Encolar | Villager (Male) |
| 14:59 | Encolar | Villager (Male) |
| 15:00 | Encolar | Villager (Male) |
| 15:32 | Encolar | Villager (Male) |
| 15:32 | Encolar | Villager (Male) |
| 17:21 | Construir | Town Center |
| 17:40 | Construir | Palisade Wall |
| 17:47 | Construir | Town Center |
| 18:22 | Encolar | Villager (Male) ×2 |
| 18:58 | Encolar | Villager (Male) |
| 18:58 | Encolar | Villager (Male) |
| 19:13 | Construir | House |
| 19:29 | Encolar | Villager (Male) |
| 19:29 | Encolar | Villager (Male) |
| 19:51 | Encolar | Villager (Male) |
| 20:13 | Encolar | Villager (Male) |
| 20:13 | Encolar | Villager (Male) |
| 20:54 | Construir | House |
| 21:00 | Encolar | Villager (Male) ×2 |
| 21:01 | Encolar | Villager (Male) ×2 |
| 21:16 | Encolar | Villager (Male) |
| 21:16 | Encolar | Villager (Male) |
| 21:35 | Construir | House |
| 21:46 | Encolar | Villager (Male) |
| 21:46 | Encolar | Villager (Male) |
| 21:46 | Encolar | Villager (Male) |
| 21:56 | Encolar | Villager (Male) |
| 22:07 | Construir | Palisade Gate |
| 22:10 | Construir | Palisade Gate |
| 22:14 | Construir | House |
| 22:28 | Construir | Palisade Wall |
| 22:29 | Construir | Palisade Wall |
| 22:39 | Encolar | Villager (Male) |
| 22:39 | Encolar | Villager (Male) |
| 23:11 | Construir | Mill |
| 23:12 | Encolar | Villager (Male) |
| 23:12 | Encolar | Villager (Male) |
| 23:54 | Encolar | Villager (Male) |
| 23:54 | Encolar | Villager (Male) |
| 24:31 | Construir | Lumber Camp |
| 24:34 | Encolar | Villager (Male) ×2 |
| 24:41 | Encolar | Villager (Male) |
| 24:42 | Encolar | Villager (Male) |
| 24:50 | Encolar | Villager (Male) |
| 24:51 | Encolar | Villager (Male) |
| 25:08 | Encolar | Villager (Male) |
| 25:08 | Encolar | Villager (Male) |
| 25:19 | Encolar | Villager (Male) |
| 25:26 | Construir | House |
| 25:28 | Encolar | Villager (Male) |
| 25:35 | Construir | Mining Camp |
| 26:04 | Construir | Mill |
| 26:13 | Encolar | Villager (Male) |
| 26:13 | Encolar | Villager (Male) |
| 26:41 | Encolar | Villager (Male) |
| 26:51 | Encolar | Villager (Male) |
| 26:52 | Encolar | Villager (Male) |
| 26:52 | Encolar | Villager (Male) |
| 26:54 | Encolar | Villager (Male) |
| 26:56 | Construir | Farm |
| 26:57 | Construir | Farm |
| 26:57 | Construir | Farm |
| 26:57 | Construir | Farm |
| 27:04 | Construir | House |
| 27:07 | Construir | House |
| 27:09 | Construir | Palisade Wall |
| 27:16 | Encolar | Villager (Male) |
| 27:23 | Construir | Palisade Gate |
| 27:42 | Encolar | Villager (Male) |
| 27:50 | Construir | House |
| 28:19 | Construir | Farm |
| 28:19 | Construir | Farm |
| 28:19 | Construir | Farm |
| 28:19 | Construir | Farm |
| 28:19 | Construir | Farm |
| 28:20 | Construir | Farm |
| 28:20 | Construir | Farm |
| 28:21 | Construir | Farm |
| 28:57 | Construir | Lumber Camp |
| 29:22 | Investigar | Feudal Age |
| 30:57 | Construir | Mining Camp |
| 31:11 | Construir | Palisade Wall |
| 31:26 | Edad | Edad Feudal |
| 31:26 | Construir | Palisade Wall |
| 31:32 | Encolar | Villager (Male) |
| 31:33 | Encolar | Villager (Male) |
| 31:33 | Encolar | Villager (Male) |
| 31:35 | Construir | Market |
| 31:36 | Construir | Blacksmith |
| 31:40 | Investigar | Double-Bit Axe |
| 32:00 | Construir | House |
| 32:19 | Construir | House |
| 32:33 | Construir | Farm |
| 32:35 | Investigar | Castle Age |
| 33:04 | Construir | Barracks |
| 33:06 | Investigar | Horse Collar |
| 33:16 | Investigar | Gold Mining |
| 33:31 | Investigar | Forging |
| 33:31 | Investigar | Scale Barding Armor |
| 33:52 | Construir | Farm |
| 33:54 | Construir | Farm |
| 34:03 | Construir | Stable |
| 34:13 | Construir | Mining Camp |
| 34:21 | Construir | Gate |
| 34:23 | Construir | Stone Wall |
| 34:27 | Construir | Stone Wall |
| 34:29 | Construir | Stone Wall |
| 34:39 | Construir | Stable |
| 34:58 | Investigar | Bloodlines |
| 35:05 | Construir | Stable |
| 35:06 | Edad | Edad de los Castillos |
| 35:09 | Encolar | Knight |
| 35:32 | Investigar | Husbandry |
Build order — Martin Miguel de Güemes
Primeras 150 de 152 acciones detectadas
| 0:00 | Encolar | Villager (Male) |
| 0:01 | Encolar | Villager (Male) |
| 0:01 | Encolar | Villager (Male) |
| 0:02 | Construir | House |
| 0:02 | Construir | House |
| 0:08 | Encolar | Villager (Male) |
| 1:28 | Encolar | Villager (Male) |
| 1:57 | Encolar | Villager (Male) |
| 2:25 | Encolar | Villager (Male) |
| 2:26 | Encolar | Villager (Male) |
| 2:52 | Encolar | Villager (Male) |
| 2:54 | Encolar | Villager (Male) |
| 3:07 | Construir | Lumber Camp |
| 3:46 | Encolar | Villager (Male) |
| 4:04 | Encolar | Villager (Male) |
| 4:09 | Investigar | Loom |
| 4:09 | Encolar | Villager (Male) |
| 4:14 | Construir | House |
| 4:17 | Construir | House |
| 4:20 | Encolar | Villager (Male) |
| 5:09 | Construir | Mill |
| 5:12 | Construir | Palisade Wall |
| 5:25 | Encolar | Villager (Male) |
| 5:39 | Construir | Palisade Wall |
| 5:42 | Construir | Palisade Wall |
| 6:00 | Investigar | Feudal Age |
| 6:34 | Construir | House |
| 7:37 | Encolar | Villager (Male) |
| 8:10 | Edad | Edad Feudal |
| 8:39 | Encolar | Villager (Male) |
| 8:47 | Construir | Town Center |
| 9:50 | Construir | Palisade Wall |
| 9:51 | Construir | Palisade Wall |
| 9:53 | Construir | Palisade Wall |
| 9:59 | Encolar | Villager (Male) |
| 9:59 | Encolar | Villager (Male) |
| 10:23 | Encolar | Villager (Male) |
| 10:30 | Encolar | Villager (Male) |
| 10:47 | Encolar | Villager (Male) |
| 11:02 | Construir | Barracks |
| 11:22 | Encolar | Villager (Male) |
| 12:40 | Construir | Stone Wall |
| 12:41 | Construir | Stone Wall |
| 12:42 | Construir | Stone Wall |
| 12:44 | Construir | Stone Wall |
| 12:45 | Construir | Stone Wall |
| 12:51 | Encolar | Villager (Male) |
| 12:52 | Encolar | Villager (Male) |
| 14:30 | Construir | Town Center |
| 14:35 | Construir | Palisade Wall |
| 14:37 | Construir | Palisade Wall |
| 14:39 | Construir | Palisade Wall |
| 14:40 | Construir | Palisade Wall |
| 14:42 | Construir | Palisade Wall |
| 14:46 | Construir | Palisade Wall |
| 14:50 | Construir | Palisade Wall |
| 14:52 | Construir | Palisade Wall |
| 14:54 | Construir | Palisade Wall |
| 14:56 | Construir | Mill |
| 15:08 | Construir | Palisade Wall |
| 15:16 | Construir | Palisade Wall |
| 15:36 | Construir | Palisade Wall |
| 15:38 | Construir | Palisade Wall |
| 15:41 | Construir | Palisade Wall |
| 15:43 | Encolar | Villager (Male) |
| 15:43 | Encolar | Villager (Male) |
| 15:51 | Construir | Archery Range |
| 15:59 | Construir | Palisade Wall |
| 16:00 | Construir | Palisade Wall |
| 16:00 | Construir | Palisade Wall |
| 16:16 | Construir | Palisade Wall |
| 16:25 | Construir | Palisade Wall |
| 16:48 | Construir | Blacksmith |
| 17:06 | Encolar | Archer |
| 17:06 | Encolar | Archer |
| 17:06 | Encolar | Archer |
| 17:13 | Construir | Palisade Wall |
| 17:14 | Construir | Palisade Wall |
| 17:20 | Construir | Palisade Wall |
| 17:26 | Construir | Palisade Wall |
| 17:29 | Encolar | Archer |
| 18:18 | Construir | Market |
| 20:05 | Encolar | Villager (Male) |
| 20:15 | Construir | Archery Range |
| 20:38 | Construir | Lumber Camp |
| 20:54 | Construir | Town Center |
| 23:00 | Construir | Palisade Wall |
| 23:11 | Encolar | Villager (Male) |
| 23:12 | Encolar | Villager (Male) |
| 23:12 | Encolar | Villager (Male) |
| 23:12 | Encolar | Villager (Male) |
| 23:12 | Encolar | Villager (Male) |
| 23:12 | Encolar | Villager (Male) |
| 23:13 | Encolar | Villager (Male) |
| 23:45 | Construir | House |
| 24:35 | Construir | House |
| 24:48 | Encolar | Villager (Male) |
| 25:17 | Construir | House |
| 25:27 | Encolar | Villager (Male) |
| 25:45 | Encolar | Villager (Male) |
| 26:23 | Encolar | Villager (Male) |
| 26:50 | Encolar | Villager (Male) |
| 26:54 | Construir | Archery Range |
| 27:44 | Encolar | Villager (Male) |
| 27:46 | Encolar | Archer |
| 27:46 | Encolar | Archer |
| 27:46 | Encolar | Archer |
| 27:53 | Construir | House |
| 28:01 | Encolar | Archer |
| 28:18 | Encolar | Archer |
| 29:14 | Encolar | Villager (Male) |
| 29:45 | Construir | Mining Camp |
| 29:53 | Investigar | Fletching |
| 30:06 | Encolar | Archer |
| 30:24 | Construir | Mill |
| 30:40 | Encolar | Archer |
| 30:40 | Encolar | Archer |
| 30:42 | Encolar | Villager (Male) |
| 31:21 | Encolar | Archer |
| 31:22 | Encolar | Archer |
| 31:40 | Construir | Farm |
| 31:42 | Construir | Farm |
| 31:44 | Encolar | Villager (Male) |
| 32:15 | Encolar | Archer |
| 32:16 | Encolar | Villager (Male) |
| 32:21 | Construir | House |
| 32:40 | Construir | House |
| 32:40 | Construir | House |
| 32:50 | Encolar | Villager (Male) |
| 32:51 | Construir | Farm |
| 33:00 | Encolar | Villager (Male) |
| 33:10 | Construir | Farm |
| 33:19 | Construir | Farm |
| 33:34 | Encolar | Villager (Male) |
| 33:52 | Encolar | Villager (Male) |
| 33:55 | Encolar | Archer |
| 33:55 | Encolar | Archer |
| 34:44 | Encolar | Archer |
| 34:44 | Encolar | Archer |
| 34:46 | Encolar | Villager (Male) |
| 35:06 | Encolar | Villager (Male) |
| 35:12 | Construir | Market |
| 35:21 | Encolar | Villager (Male) |
| 35:35 | Construir | Farm |
| 35:44 | Construir | House |
| 36:00 | Encolar | Villager (Male) |
| 36:27 | Encolar | Villager (Male) |
| 36:58 | Construir | Farm |
| 37:00 | Encolar | Villager (Male) |
| 37:02 | Construir | Farm |
Cronología de la partida
| 5:12 | Martin Miguel de Güemes · wall_segment Palisade Wall x12 |
| 5:39 | Martin Miguel de Güemes · wall_segment Palisade Wall x7 |
| 5:42 | Martin Miguel de Güemes · wall_segment Palisade Wall x1 |
| 8:10 | Martin Miguel de Güemes · age_up feudal |
| 9:50 | Martin Miguel de Güemes · wall_segment Palisade Wall x1 |
| 9:51 | Martin Miguel de Güemes · wall_segment Palisade Wall x1 |
| 9:53 | Martin Miguel de Güemes · wall_segment Palisade Wall x1 |
| 11:02 | Martin Miguel de Güemes · first_building Barracks |
| 12:40 | Martin Miguel de Güemes · wall_segment Stone Wall x1 |
| 12:41 | Martin Miguel de Güemes · wall_segment Stone Wall x1 |
| 12:42 | Martin Miguel de Güemes · wall_segment Stone Wall x1 |
| 12:44 | Martin Miguel de Güemes · wall_segment Stone Wall x1 |
| 12:45 | Martin Miguel de Güemes · wall_segment Stone Wall x1 |
| 14:35 | Martin Miguel de Güemes · wall_segment Palisade Wall x1 |
| 14:37 | Martin Miguel de Güemes · wall_segment Palisade Wall x1 |
| 14:39 | Martin Miguel de Güemes · wall_segment Palisade Wall x1 |
| 14:40 | Martin Miguel de Güemes · wall_segment Palisade Wall x1 |
| 14:42 | Martin Miguel de Güemes · wall_segment Palisade Wall x1 |
| 14:46 | Martin Miguel de Güemes · wall_segment Palisade Wall x1 |
| 14:50 | Martin Miguel de Güemes · wall_segment Palisade Wall x1 |
| 14:52 | Martin Miguel de Güemes · wall_segment Palisade Wall x1 |
| 14:54 | Martin Miguel de Güemes · wall_segment Palisade Wall x1 |
| 15:08 | Martin Miguel de Güemes · wall_segment Palisade Wall x1 |
| 15:16 | Martin Miguel de Güemes · wall_segment Palisade Wall x1 |
| 15:36 | Martin Miguel de Güemes · wall_segment Palisade Wall x1 |
| 15:38 | Martin Miguel de Güemes · wall_segment Palisade Wall x1 |
| 15:41 | Martin Miguel de Güemes · wall_segment Palisade Wall x1 |
| 15:51 | Martin Miguel de Güemes · first_building Archery Range |
| 15:59 | Martin Miguel de Güemes · wall_segment Palisade Wall x1 |
| 16:00 | Martin Miguel de Güemes · wall_segment Palisade Wall x1 |
| 16:00 | Martin Miguel de Güemes · wall_segment Palisade Wall x1 |
| 16:16 | Martin Miguel de Güemes · wall_segment Palisade Wall x1 |
| 16:25 | Martin Miguel de Güemes · wall_segment Palisade Wall x1 |
| 17:13 | Martin Miguel de Güemes · wall_segment Palisade Wall x1 |
| 17:14 | Martin Miguel de Güemes · wall_segment Palisade Wall x1 |
| 17:20 | Martin Miguel de Güemes · wall_segment Palisade Wall x1 |
| 17:26 | Martin Miguel de Güemes · wall_segment Palisade Wall x1 |
| 17:40 | kim.henrik.himanen123 · wall_segment Palisade Wall x1 |
| 19:24 | Martin Miguel de Güemes · first_market_buy 100 stone |
| 22:28 | kim.henrik.himanen123 · wall_segment Palisade Wall x1 |
| 22:29 | kim.henrik.himanen123 · wall_segment Palisade Wall x1 |
| 23:00 | Martin Miguel de Güemes · wall_segment Palisade Wall x1 |
| 27:09 | kim.henrik.himanen123 · wall_segment Palisade Wall x1 |
| 31:11 | kim.henrik.himanen123 · wall_segment Palisade Wall x5 |
| 31:26 | kim.henrik.himanen123 · age_up feudal |
| 31:26 | kim.henrik.himanen123 · wall_segment Palisade Wall x12 |
| 33:04 | kim.henrik.himanen123 · first_building Barracks |
| 33:13 | kim.henrik.himanen123 · first_market_buy 100 food |
| 34:03 | kim.henrik.himanen123 · first_building Stable |
| 34:23 | kim.henrik.himanen123 · wall_segment Stone Wall x1 |
| 34:27 | kim.henrik.himanen123 · wall_segment Stone Wall x1 |
| 34:29 | kim.henrik.himanen123 · wall_segment Stone Wall x1 |
| 35:06 | kim.henrik.himanen123 · age_up castle |
| 35:43 | kim.henrik.himanen123 · first_market_sell 500 wood |
| 36:58 | kim.henrik.himanen123 · first_building Monastery |
| 37:15 | Martin Miguel de Güemes · resign |
[ ANÁLISIS IA · 1 CRÉDITO ]
¿Qué pasó realmente en esta partida?
Wolo.gg analiza cada decisión: build order, eco, micro, errores típicos por bracket. Análisis personalizado por WhatsApp o Discord en 30 segundos.
Guía civ
Persas
Perfil
Jugador #25475928